 Dungeon Crawl Stone Soup version 0.18.1-1-g2f07953 (webtiles) character file.

389 M4edhros the Sneak (level 6, -7/63 HPs)
             Began as an Octopode Artificer on May 7, 2016.
             Shot with an arrow by a centaur (11 damage)
             ... on level 5 of the Dungeon.
             The game lasted 00:02:05 (2431 turns).

M4edhros the Sneak (Octopode Artificer)             Turns: 2431, Time: 00:02:06

Health: -7/63      AC:  1    Str: 14 (16) XL:     6   Next: 79%
Magic:  8/8        EV: 13    Int: 11 (14) God:
Gold:   159        SH:  4    Dex: 11 (14) Spells: 0 memorised, 5 levels left

rFire  . . .     SeeInvis .     r - +0 dagger (drain)
rCold  . . .     Gourm    .     n - +0 buckler
rNeg   . . .     Faith    .     (helmet restricted)
rPois  .         Spirit   .     (no amulet)
rElec  .         Dismiss  .     (no ring)
rCorr  .         Reflect  .     (no ring)
SustAt .         Harm     .     (no ring)
MR     .....                    (no ring)
Stlth  ..........               (no ring)
                                (no ring)
                                (no ring)
                                (no ring)

@: berserking, marked, very quick, not resistant to hostile enchantments,
extremely unstealthy
A: almost no armour, amphibious, 8 rings, constrict 8, camouflage 1, gelatinous
body 1
a: no special abilities


You were on level 5 of the Dungeon.
You were hungry.

You visited 1 branch of the dungeon, and saw 5 of its levels.

You collected 159 gold pieces.

Inventory:

Hand Weapons
 a - a +0 short sword
 r - a +0 dagger of draining (weapon)
Armour
 n - a +0 buckler (worn)
Wands
 b - a wand of flame (15/48)
 c - a wand of enslavement (15/24)
 d - a wand of random effects (15/48)
 y - a wand of acid (6/15)
Scrolls
 g - 3 scrolls of identify {unknown}
 j - a scroll of fog {unknown}
 k - a scroll of immolation {unknown}
 o - a scroll of enchant armour {unknown}
 p - a scroll of teleportation {unknown}
 u - a scroll of recharging {unknown}
 v - a scroll of fear {unknown}
 w - a scroll of amnesia {unknown}
 x - a scroll of remove curse {unknown}
 z - a scroll of noise {unknown}
 A - a scroll of magic mapping {unknown}
 D - a scroll of enchant weapon {unknown}
Potions
 e - a potion of degeneration
 h - a potion of curing
 l - 2 potions of resistance {unknown}
 t - 2 potions of lignification {unknown}
 B - a potion of magic {unknown}
 C - a potion of heal wounds {unknown}
Comestibles
 f - 2 bread rations
 m - 2 fruits
 q - a meat ration
 s - a beef jerky


   Skills:
 + Level 3.0 Fighting
 - Level 1.0 Short Blades
 + Level 3.6 Dodging
 + Level 6.1 Stealth
 + Level 2.6 Shields
 - Level 3.2 Evocations


You had 5 spell levels left.
You didn't know any spells.

Dungeon Overview and Level Annotations

Branches:
Dungeon (5/15)
 Temple: D:4-7

Altars:
Elyvilon
Pakellas

Shops:
D:4 :

Annotations:
D:3 M4edhros's ghost, amateur OpAr


Innate Abilities, Weirdness & Mutations

You cannot wear most types of armour.
You are amphibious.
You can wear up to eight rings at the same time.
You can use your tentacles to constrict eight enemies at once.
Your skin changes colour to match your surroundings (Stealth).
Your rubbery body absorbs attacks (AC +1).


Message History

Drink which item? (? for menu, Esc to quit)
It was a potion of degeneration.
There was something very wrong with that liquid.
You feel weakened.
You feel dopey.
You feel clumsy.
The centaur shoots an arrow.
The arrow hits you!
Drink which item? (? for menu, Esc to quit)
It was a potion of curing.
You feel better.
The centaur shoots an arrow.
The arrow closely misses you.
Drink which item? (? for menu, Esc to quit)
It was a potion of berserk rage.
A red film seems to cover your vision as you go berserk!
You feel yourself moving faster!
You feel mighty!
The centaur shoots an arrow.
The arrow hits you!
The centaur shoots an arrow.
The arrow hits you!
* * * LOW HITPOINT WARNING * * *
You feel a strong urge to attack something.
The centaur shoots an arrow.
The arrow hits you!
* * * LOW HITPOINT WARNING * * *
You see here an arrow.
The centaur shoots an arrow.
The arrow hits you!
You die...

# ###### # #...... #
#####....... #
##...........
#############.....(......
.#.........##.#.#(......#
...........##....(......#
..............#.#(......#
##.........##...@.......#
#.......................#
.............###........#
.####...#..####.c.......#
........................#
...[...........#....#####
...#...#.....>....<.#
......###...........#
...... ####..##....#####.


You could see a centaur.

Vanquished Creatures
  A giant frog (D:4)
  A scorpion (D:4)
  A crimson imp (D:5)
  A hound (D:5)
  An orc priest (D:3)
  2 worker ants (D:4)
  A hound skeleton (D:4)
  A howler monkey skeleton (D:5)
  2 adders (D:4)
  3 gnolls (D:4)
  A worm (D:4)
  4 dart slugs
  A giant gecko (D:4)
  8 orcs
  A giant cockroach (D:1)
  3 goblins
  5 hobgoblins
  A quokka (D:2)
  4 bats (D:1)
  7 giant newts
  4 kobolds
  5 rats
58 creatures vanquished.

Vanquished Creatures (others)
  A quokka (D:4)
  A ball python (D:4)
2 creatures vanquished.

Grand Total: 60 creatures vanquished

Notes
Turn   | Place    | Note
--------------------------------------------------------------
     0 | D:1      | M4edhros the Octopode Artificer began the quest for the Orb.
     0 | D:1      | Reached XP level 1. HP: 13/13 MP: 3/3
     0 | D:1      | Noticed a minotaur zombie
     1 | D:1      | Noticed an ogre
     5 | D:1      | Noticed a minotaur
     7 | D:1      | Noticed a merfolk zombie
    15 | D:1      | Noticed a naga
    17 | D:1      | Noticed a minotaur skeleton
    49 | D:1      | Reached skill level 2 in Stealth
   134 | D:1      | Reached XP level 2. HP: 12/18 MP: 4/4
   173 | D:1      | Reached skill level 3 in Stealth
   479 | D:1      | Reached XP level 3. HP: 23/23 MP: 5/5
   578 | D:2      | Reached skill level 4 in Stealth
   896 | D:3      | Reached skill level 1 in Shields
   896 | D:3      | Reached XP level 4. HP: 9/28 MP: 6/6
  1120 | D:3      | Noticed M4edhros's ghost (amateur OpAr)
  1154 | D:4      | Found a white marble altar of Elyvilon.
  1320 | D:4      | Reached XP level 5. HP: 32/34 MP: 7/7
  1449 | D:4      | Found Sujur's Book Emporium.
  1532 | D:4      | Reached skill level 5 in Stealth
  1549 | D:4      | Reached XP level 6. HP: 26/41 MP: 8/8
  2215 | D:5      | Entered Level 5 of the Dungeon
  2273 | D:5      | Reached skill level 6 in Stealth
  2381 | D:5      | Found an oddly glowing altar of Pakellas.
  2430 | D:5      | HP: 3/63 [centaur/arrow (12)]
  2431 | D:5      | Shot with an arrow by a centaur

Skill      XL: |  1  2  3  4  5  6 |
---------------+-------------------+-----
Stealth        | 2 3 4 5 6 |  6.1
Shields        | 1 2 |  2.6
Fighting       | 2 3 |  3.0
Dodging        | 3 |  3.6
Short Blades   | |  1.0
Evocations     | |  3.2

Action                   |  1- 3 |  4- 6 || total
-------------------------+-------+-------++-------
Melee: Short sword       |    31 |       ||    31
       Constrict         |    20 |    11 ||    31
       Tentacles         |    13 |    14 ||    27
       Dagger            |    26 |    56 ||    82
  Use: Potion            |       |     3 ||     3
 Stab: Sleeping          |     9 |    12 ||    21
  Eat: Chunk             |       |     4 ||     4
Armor: Skin              |     2 |     1 ||     3
Dodge: Dodged            |    18 |    27 ||    45
Block: Buckler           |     7 |     4 ||    11
